 Dungeon Crawl Stone Soup version 0.22-a0-866-geee50340df (console) character file.

71 Lexodia the Cudgeler (level 4, 0/43 HPs)
             Began as a Gargoyle Monk on July 28, 2018.
             Slain by a howler monkey (1 damage)
             ... on level 2 of the Dungeon.
             The game lasted 00:03:15 (1258 turns).

Lexodia the Cudgeler (Gargoyle Monk)                Turns: 1258, Time: 00:03:16

Health: 0/43       AC: 22    Str: 15    XL:     4   Next: 24%
Magic:  4/4        EV:  2    Int: 11    God:
Gold:   24         SH:  0    Dex: 12    Spells: 3/3 levels left

rFire    . . .     SeeInvis .   a - +0 mace
rCold    . . .     Gourm    .   (no shield)
rNeg     + + +     Faith    .   (armour currently unavailable)
rPois    ∞         Spirit   .   (helmet currently unavailable)
rElec    .         Reflect  .   (cloak currently unavailable)
rCorr    +         Harm     .   (gloves currently unavailable)
MR       .....     NoTele   +   (boots currently unavailable)
Stlth    ++........             (no amulet)
HPRegen  0.14/turn              (no ring)
MPRegen  0.09/turn              j - ring of resist corrosion

@: tree-form, hasted, very quick
A: negative energy resistance 1, petrification resistance, rot immunity, AC +3
a: no special abilities


You were on level 2 of the Dungeon.
You were very hungry.
You were a tree.
You visited 1 branch of the dungeon, and saw 2 of its levels.

You collected 24 gold pieces.

Inventory:

Hand Weapons
 a - a +0 mace (weapon)
Armour
 b - a +0 robe (melded)
Jewellery
 e - an uncursed ring of ice
 j - a ring of resist corrosion (right branch)
Scrolls
 d - a scroll of remove curse {unknown}
 h - a scroll of identify {unknown}
Comestibles
 c - 3 rations


   Skills:
 + Level 3.6 Fighting
 * Level 4.1 Maces & Flails
 * Level 1.4 Armour
 + Level 2.7 Dodging
 - Level 2.2 Stealth


You had 3 spell levels left.
You didn't know any spells.
Your spell library was empty.

Dungeon Overview and Level Annotations

Branches:
Dungeon (2/15)

Altars:


Innate Abilities, Weirdness & Mutations

You are resistant to torment.
((Your stone body is resilient. (AC +3)))
You are immune to poison.
You resist negative energy. (rN+)
((You are resistant to electric shocks. (rElec)))
((You can survive without breathing.))
You are immune to petrification.
You are immune to rotting.


Message History

* * * LOW HITPOINT WARNING * * *
The hobgoblin hits you but does no damage.
The howler monkey hits you but does no damage.
The giant cockroach bites you but does no damage.
Damage: -2%(-1hp) hp: 10%(4hp) Unknown command.
You closely miss the howler monkey.
The howler monkey is severely wounded.
The leopard gecko bites you but does no damage.
The howler monkey hits you but does no damage.
Unknown command.
You closely miss the howler monkey.
The howler monkey is severely wounded.
The giant cockroach bites you but does no damage.
The gnoll barely misses you. The leopard gecko bites you.
* * * LOW HITPOINT WARNING * * *
The gnoll hits you but does no damage. The hobgoblin hits you with a club.
* * * LOW HITPOINT WARNING * * *
The howler monkey hits you.
You die...

8......... .#
.........##. .##
............ ..
.........#.# #.# ###
.........#.#... ..#
.........#.##.####.#
......sh)#.#.....#.#
.#..g♣<..#.###.#.#####
......glgg..............
.#.....w...###.#..<#.###
#####....## #.#.....#
#...... ..+.....#
#.........##....##
#......... #....#
#......... #....#
#......... #....#


You could see a howler monkey, 2 gnolls, a dart slug, a leopard gecko, a giant
cockroach, a hobgoblin and a goblin.

Vanquished Creatures
  An iguana (D:2)
  A gnoll (D:2)
  2 dart slugs (D:1)
  A leopard gecko (D:1)
  4 bats
  2 giant cockroaches (D:1)
  5 goblins (D:1)
  2 hobgoblins (D:1)
  5 kobolds (D:1)
  A ball python (D:1)
  2 frilled lizards (D:1)
  6 rats (D:1)
32 creatures vanquished.

Notes
Turn   | Place    | Note
-------+----------+-------------------------------------------
     0 | D:1      | Lexodia the Gargoyle Monk began the quest for the Orb.
     0 | D:1      | Reached XP level 1. HP: 14/14 MP: 1/1
   184 | D:1      | Reached XP level 2. HP: 18/19 MP: 2/2
   506 | D:1      | Reached XP level 3. HP: 23/23 MP: 3/3
   638 | D:1      | Reached skill level 1 in Armour
   945 | D:2      | Huge Dmg: 6 dmg
   952 | D:2      | Huge Dmg: 13 dmg
   952 | D:2      | HP: 1/23 [iguana (2)]
   953 | D:2      | Huge Dmg: 2 dmg
   953 | D:2      | Reached skill level 4 in Maces & Flails
   953 | D:2      | Reached XP level 4. HP: 2/28 MP: 4/4
  1230 | D:2      | Huge Dmg: 8 dmg
  1231 | D:2      | Huge Dmg: 10 dmg
  1248 | D:2      | Huge Dmg: 8 dmg
  1252 | D:2      | Huge Dmg: 9 dmg
  1258 | D:2      | HP: 2/43 [leopard gecko (2)]
  1258 | D:2      | Slain by a howler monkey

Vault maps used:
D:1:      lightli_arrival_flooded_house
D:2:      chequers_ecumenical_altar_simple, uniq_jessica

Skill      XL: |  1  2  3 |
---------------+----------+-----
Armour         | 1 |  1.4
Maces & Flails | 4 |  4.1
Fighting       | |  3.6
Dodging        | |  2.7
Stealth        | |  2.2

Action                   |  1- 3 |  4- 6 || total
-------------------------+-------+-------++-------
Melee: Mace              |    77 |    27 ||   104
  Use: Potion            |       |     3 ||     3
 Stab: Sleeping          |     7 |       ||     7
Armor: Robe              |    19 |       ||    19
       Skin              |       |   103 ||   103
Dodge: Dodged            |    49 |    28 ||    77

Table legend:
 A = Spawn XP
 B = Non-spawn XP
 C = Spawn XP percentage of total XP
 D = Spawn monster count
 E = Non-spawn monster count
 F = Spawn count percentage of total count
 G = Total turns spent on level
                    A         B        C        D         E        F      G
               +---------+---------+-------+---------+---------+-------+---------
         Total |       0 |     102 |   0.0 |       0 |      32 |   0.0 |  1258
               +---------+---------+-------+---------+---------+-------+---------
           D:1 |       0 |      49 |   0.0 |       0 |      28 |   0.0 |   938
           D:2 |       0 |      53 |   0.0 |       0 |       4 |   0.0 |   320
               +---------+---------+-------+---------+---------+-------+---------
